 Dungeon Crawl Stone Soup version 0.23.2-40-g277498a001 (webtiles) character file.

Game seed: 12200105214816496622

48 DildoBatman the Magician (level 4, -1/30 HPs)
             Began as a Formicid Wizard on Sept 8, 2019.
             Slain by a worm (2 damage)
             ... on level 2 of the Dungeon.
             The game lasted 00:03:05 (2024 turns).

DildoBatman the Magician (Formicid Wizard)          Turns: 2024, Time: 00:03:06

Health: -1/30      AC:  4    Str: 12    XL:     4   Next: 0%
Magic:  6/8        EV: 12    Int: 18    God:
Gold:   27         SH:  0    Dex:  9    Spells: 2/9 levels left

rFire    . . .     SeeInvis +   d - +0 club
rCold    . . .     Gourm    .   (no shield)
rNeg     . . .     Faith    .   f - +2 robe {Archmagi}
rPois    .         Spirit   .   (helmet unavailable)
rElec    .         Reflect  .   (no cloak)
rCorr    .         Harm     .   (no gloves)
MR       .....                  (no boots)
Stlth    ++........             (no amulet)
HPRegen  0.10/turn              (no ring)
MPRegen  0.11/turn              (no ring)

@: no status effects
A: permanent stasis, dig shafts and tunnels, four strong arms, antennae 3
a: Dig, Shaft Self


You were on level 2 of the Dungeon.
You were not hungry.

You visited 1 branch of the dungeon, and saw 2 of its levels.

You collected 27 gold pieces.

Inventory:

Hand Weapons
 d - a +0 club (weapon)
Missiles
 b - 2 tomahawks
 c - 67 stones (quivered)
 e - 5 silver tomahawks
 j - 19 bolts
 l - 5 needles of sleeping
Armour
 f - a +2 robe of the Archmagi (worn)
Scrolls
 a - a scroll of enchant armour {unknown}
 g - a scroll of teleportation {unknown}
 h - 4 scrolls of identify {unknown}
 i - a scroll of blinking {unknown}
 o - a scroll of amnesia {unknown}
Potions
 k - a potion of curing {unknown}
 n - a potion of ambrosia {unknown}
Comestibles
 m - a chunk of flesh
 v - 6 rations


   Skills:
 - Level 1.7 Dodging
 - Level 2.4 Stealth
 - Level 3.2 Spellcasting
 * Level 3.1 Conjurations
   Level 1.0 Summonings
   Level 0.8 Translocations


You had 2 spell levels left.
You knew the following spells:

 Your Spells              Type           Power        Failure   Level  Hunger
a - Conjure Flame         Conj/Fire      ##......     26%         3    ###....
c - Magic Dart            Conj           ###.         4%          1    None
e - Mephitic Cloud        Conj/Pois/Air  ##......     30%         3    ###....

Your spell library contained the following spells:

 Spells                   Type           Power        Failure   Level  Hunger
 Call Imp                 Summ           #.......     16%         2    ##.....
 Slow                     Hex            #.......     24%         2    ##.....
 Blink                    Tloc           Unusable     N/A         2    N/A

Dungeon Overview and Level Annotations

Branches:
Dungeon (2/15)

Altars:
Wu Jian

Annotations:
D:2 Terence


Innate Abilities, Weirdness & Mutations

You cannot be hasted, slowed, berserked, paralysed or teleported.
You can dig through walls and to a lower floor.
Your four strong arms can wield two-handed weapons with a shield.
You have a pair of large antennae on your head. (SInv)


Message History

g - Guard the area. f - Follow me.
Anything else - Cancel.
You shout for attention!
The worm bites you. What are your orders? t - Shout!
Orders for allies: a - Attack new target. r - Retreat! s - Stop attacking. g - Guard the area. f - Follow me.
Anything else - Cancel.
You shout for attention!
What are your orders? t - Shout!
Orders for allies: a - Attack new target. r - Retreat! s - Stop attacking. g - Guard the area. f - Follow me.
Anything else - Cancel.
You shout for attention!
The worm bites you.
You die...

### ### #.####### ...
#........ #.# #.####### #..
#.# #.# #.#
#######.########.######
......w...............#
#@.....###.####.#
######......# #.# #.#
#...........# #.# #.##
#......###### #.# #.#.
######......# #.# #.#.
#....'......########.####.#.
#.####......+....<........+.
#.####......#####.##.######.
#.................##.# #.


You could see a worm.

Vanquished Creatures
  An adder (D:2)
  An ooze (D:1)
  A worm (D:2)
  3 leopard geckos (D:2)
  A ball python (D:2)
  A giant cockroach (D:1)
  6 goblins
  A hobgoblin (D:1)
  4 kobolds (D:1)
  2 bats (D:1)
  3 frilled lizards (D:1)
  6 rats
30 creatures vanquished.

Notes
Turn   | Place    | Note
-------+----------+-------------------------------------------
     0 | D:1      | DildoBatman the Formicid Wizard began the quest for the
                  | Orb.
     0 | D:1      | Reached XP level 1. HP: 13/13 MP: 4/4
    36 | D:1      | Reached skill level 1 in Conjurations
   188 | D:1      | Reached XP level 2. HP: 19/19 MP: 4/6
   903 | D:1      | Reached XP level 3. HP: 24/24 MP: 4/7
   908 | D:1      | Learned a level 3 spell: Conjure Flame
   912 | D:1      | Learned a level 3 spell: Mephitic Cloud
  1425 | D:2      | Found an ornate altar of the Wu Jian Council.
  1459 | D:2      | Noticed Terence
  1970 | D:2      | Reached XP level 4. HP: 30/30 MP: 0/8
  2022 | D:2      | HP: 1/30 [worm (2)]
  2024 | D:2      | Slain by a worm

Skill      XL: |  1  2  3 |
---------------+----------+-----
Conjurations   | 1 2 3 |  3.1
Dodging        | |  1.7
Stealth        | |  2.4
Spellcasting   | |  3.2
Summonings     | |  1.0
Translocations | |  0.8

Action                   |  1- 3 |  4- 6 || total
-------------------------+-------+-------++-------
Melee: Club              |     8 |       ||     8
Throw: Stone             |     3 |       ||     3
       Tomahawk          |     1 |       ||     1
 Cast: Magic Dart        |    62 |     1 ||    63
 Abil: Dig               |     2 |       ||     2
  Eat: Chunk             |     3 |       ||     3
Armor: Robe              |     3 |     2 ||     5
Dodge: Dodged            |    17 |    10 ||    27
